AoeStats
← 66847804

Arena

510042969Analyzed
2v2 RM · 2d ago on Sep 29, 2026· 81m 36s· 4 players
Game mode
Random Map
Map size
Medium (4 player)
Population
200
Speed
Normal
Resources
Standard
Victory
Conquest
Starting age
Dark Age
Ending age
Imperial Age
RankedLock teamsTeams togetherTeam positionsShared explorationLock speedFull tech treeHidden civsTurbo modeCheats
Victory
Defeat
🇺🇸 Saracens · United States
960
+14
🇺🇸 Teutons · United States
927
+16
🇨🇳 Chinese · China
927
-15
🇨🇳 Persians · China
914
-20
huiqunzheng3
0:41 Loom
10:58 Feudal Age
11:37 Horse Collar
11:44 Double-Bit Axe
18:08 Castle Age
17:03 Gold Mining
17:04 Stone Mining
19:26 Bow Saw
19:27 Heavy Plow
22:36 Fletching
26:13 Bodkin Arrow
33:16 Imperial Age
33:27 Ballistics
33:14 Thumb Ring
33:14 Padded Archer Armor
34:32 Bloodlines
34:23 Husbandry
34:26 Bracer
35:10 Leather Archer Armor
36:01 Wheelbarrow
35:55 Light Cavalry
36:43 Scale Barding Armor
37:52 Chain Barding Armor
39:13 Chemistry
40:38 Plate Barding Armor
40:14 Forging
40:47 Ring Archer Armor
40:49 Elite Chu Ko Nu
43:05 Iron Casting
48:24 Blast Furnace
51:21 Conscription
66847804
1:21 Loom
11:18 Feudal Age
16:13 Castle Age
14:40 Double-Bit Axe
16:07 Horse Collar
16:19 Stone Mining
18:02 Fletching
18:25 Bow Saw
20:39 Fletching
22:53 Wheelbarrow
24:17 Kamandaran
25:56 Bodkin Arrow
26:04 Crossbowman
27:44 Hand Cart
29:00 Thumb Ring
29:07 Gold Mining
29:19 Padded Archer Armor
30:30 Town Watch
31:02 Leather Archer Armor
30:58 Forging
31:15 Scale Barding Armor
31:38 Thumb Ring
32:01 Elite Skirmisher
35:35 Imperial Age
34:09 Bloodlines
34:00 Husbandry
34:12 Bloodlines
34:50 Chain Barding Armor
35:26 Iron Casting
36:18 Conscription
37:56 Ring Archer Armor
38:29 Chemistry
37:51 Ballistics
38:33 Chemistry
38:22 Citadels
38:41 Cavalier
39:58 Savar
43:47 Savar
45:04 Plate Barding Armor
45:56 Blast Furnace
49:08 Murder Holes
53:09 Capped Ram
56:04 Light Cavalry
63:11 Elite War Elephant
67:23 Hussar
73:10 Masonry
sevbanan
12:37 Feudal Age
17:01 Castle Age
15:40 Double-Bit Axe
15:36 Horse Collar
18:22 Wheelbarrow
17:41 Gold Mining
17:45 Stone Mining
18:10 Loom
18:36 Pikeman
20:23 Fletching
21:33 Fletching
32:18 Heavy Plow
32:33 Bow Saw
36:28 Imperial Age
36:42 Scale Barding Armor
36:48 Forging
36:35 Bodkin Arrow
36:40 Padded Archer Armor
36:35 Elite Skirmisher
38:04 Conscription
39:24 Chemistry
38:20 Murder Holes
39:07 Ballistics
38:45 Town Watch
39:44 Thumb Ring
40:27 Leather Archer Armor
40:12 Bracer
42:13 Two-Man Saw
43:48 Ring Archer Armor
43:39 Chain Barding Armor
45:00 Hand Cart
47:08 Light Cavalry
47:52 Husbandry
48:03 Bloodlines
48:33 Plate Barding Armor
48:34 Iron Casting
48:19 Heavy Camel Rider
49:42 Squires
53:31 Elite Mameluke
54:47 Hoardings
55:07 Siege Engineers
55:12 Masonry
55:14 Fortified Wall
55:48 Arson
55:48 Gambesons
57:13 Blast Furnace
56:13 Scale Mail Armor
56:26 Gold Mining
59:25 Counterweights
60:00 Gold Shaft Mining
62:55 Chain Mail Armor
68:05 Light Cavalry
69:48 Town Patrol
71:38 Plate Mail Armor
73:28 Hussar
ehh dont shout
10:44 Feudal Age
15:52 Castle Age
15:54 Double-Bit Axe
15:50 Horse Collar
17:38 Wheelbarrow
18:29 Bow Saw
20:57 Heavy Plow
22:49 Gold Mining
22:49 Stone Mining
28:37 Ballistics
32:10 Imperial Age
29:36 Loom
30:06 Hand Cart
29:36 Town Watch
30:29 Stone Shaft Mining
32:46 Pikeman
33:26 Squires
33:51 Conscription
34:37 Chemistry
33:03 Elite Skirmisher
34:05 Forging
33:55 Scale Mail Armor
34:01 Scale Barding Armor
33:48 Fletching
33:58 Padded Archer Armor
34:49 Halberdier
38:09 Two-Man Saw
41:11 Elite Teutonic Knight
44:09 Iron Casting
43:49 Chain Mail Armor
43:30 Bodkin Arrow
43:50 Leather Archer Armor
56:18 Blast Furnace
55:48 Plate Mail Armor
55:52 Ring Archer Armor
Connection lost

Rejoining the realm…

Still unreachable

The connection could not be restored.

Session expired

The server has moved on; the page needs a fresh start.